 Dungeon Crawl Stone Soup version 0.29-a0-352-g0917bc69df (webtiles) character file.

Game seed: 1850854566087114842

4045 NinjaNoafa the Fighter (level 10, -4/81 HPs)
             Began as a Hill Orc Monk on Apr 23, 2022.
             Was an Elder of Beogh (penitent).
             Slain by a killer bee (5 damage)
             ... on level 9 of the Dungeon.
             The game lasted 00:25:07 (11189 turns).

NinjaNoafa the Fighter (Hill Orc Monk)             Turns: 11189, Time: 00:25:09

Health: -4/81      AC: 12    Str: 21    XL:     10   Next: 24%
Magic:  5/5        EV: 11    Int: 10    God:    Beogh [****..]
Gold:   340        SH:  0    Dex: 16    Spells: 9/9 levels left

rFire   + . .      SeeInvis .   y - +1 hand axe (antimagic)
rCold   + + .      Faith    .   r - +0 kite shield
rNeg    + . .      Spirit   .   n - +0 ring mail "Ladaidgh" {Str+2 Dex+3 Stlth+}
rPois   +          Reflect  .   j - +1 helmet
rElec   +          Harm     .   v - +2 cloak
rCorr   +          Rampage  .   (no gloves)
Will    .....                   i - +0 pair of boots
Stlth   +.........              (no amulet)
HPRegen 0.23/turn               D - ring of protection from cold
MPRegen 0.09/turn               o - ring of positive energy

@: confused, lethally poisoned (-4 -> -12), resistant, ambrosia-drunk
A: frail 1
a: Renounce Religion


You were on level 9 of the Dungeon.
You worshipped Beogh.
Beogh was demanding penance.
You visited 2 branches of the dungeon, and saw 10 of its levels.
You also visited: Sewer and Ossuary.

You collected 553 gold pieces.
You spent 213 gold pieces at shops.

Inventory:

Hand Weapons
 y - a +1 antimagic hand axe (weapon)
 z - a +1 dagger of protection
 A - a +0 vampiric dagger
Missiles
 b - 9 poisoned darts (quivered)
 h - 223 stones
Armour
 i - a +0 pair of boots (worn)
 j - a +1 helmet (worn)
 n - the +0 ring mail "Ladaidgh" (worn) {Str+2 Dex+3 Stlth+}
   (You found it in a sewer)

   Str:       It affects your strength (+2).
   Dex:       It affects your dexterity (+3).
   Stlth:     It makes you more stealthy.
 r - a +0 kite shield (worn)
 v - a +2 cloak (worn)
 x - a +2 leather armour of poison resistance
Jewellery
 f - a +6 ring of intelligence
 o - a ring of positive energy (right hand)
 B - a ring of ice
 D - a ring of protection from cold (left hand)
Wands
 m - a wand of polymorph (4)
 u - a wand of acid (9)
 E - a wand of charming (5)
 F - a wand of flame (15)
Scrolls
 a - 2 scrolls of vulnerability
 e - a scroll of amnesia
 g - 2 scrolls of teleportation
 p - 5 scrolls of identify
 q - a scroll of fear
 s - a scroll of blinking
 w - 4 scrolls of magic mapping
Potions
 c - 2 potions of ambrosia
 d - 3 potions of brilliance
 C - a potion of magic


   Skills:
 - Level 9.0 Fighting
 - Level 7.0 Axes
 - Level 5.0 Armour
 - Level 5.0 Dodging
 - Level 2.0 Stealth
 - Level 5.0 Shields
 - Level 7.0 Invocations
 + Level 6.3 Evocations


You had 9 spell levels left.
You didn't know any spells.
Your spell library contained the following spells:

 Spells                   Type           Power      Damage    Failure   Level
 Freeze                   Ice            0%         1d3       86%         1
 Frozen Ramparts          Ice            0%         1d2       99%         3
 Hailstorm                Conj/Ice       0%         3d3       100%        4


Dungeon Overview and Level Annotations

Branches:
Dungeon (9/15)             Temple (1/1) D:4           Sewer (visited)
Ossuary (visited)
   Lair: D:8-11         Orc: D:9-12

Altars:
Ashenzari
Cheibriados
Dithmenos
Elyvilon
Fedhas
Gozag
Hepliaklqana
Kikubaaqudgha
Makhleb
Nemelex Xobeh
Okawaru
Qazlal
Ru
Sif Muna
Trog
Uskayaw
Vehumet
Wu Jian
Xom
Yredelemnul
Zin
The Shining One

Shops:
D:2 [   D:5 [   D:6 ?

Annotations:
D:9 Psyche


Innate Abilities, Weirdness & Mutations

You are frail. (-10% HP)


Message History

Aim: a killer bee (48% to hit)
The puff of flame hits the killer bee!
You kill the killer bee!
Beogh accepts your kill.
The killer bee rages.
The killer bee barely misses you. The killer bee stings you!
* * * LOW HITPOINT WARNING * * *
Aiming: Throw Flame
Press: ? - help, Shift-Dir - straight line, f - killer bee
Aim: a killer bee (heavily wounded, berserk, 48% to hit)
The puff of flame misses the killer bee. x2
The puff of flame hits the killer bee.
The killer bee is lightly wounded.
The killer bee stings you but does no damage.
You block the killer bee's attack. x2
The killer bee attacks as you move away!
The killer bee closely misses you. The killer bee barely misses you.
The killer bee stings you but does no damage.
The killer bee stings you.
* * * LOW HITPOINT WARNING * * *
The killer bee closely misses you.
You are confused.
You feel invigorated. The killer bee closely misses you.
The killer bee stings you but does no damage.
The killer bee stings you.
* * * LOW HITPOINT WARNING * * *
You bump into the rock wall.
The killer bee barely misses you.
The killer bee stings you but does no damage.
The killer bee stings you.
* * * LOW HITPOINT WARNING * * *
You are lethally poisoned!
The killer bee poisons you!
You miss the killer bee.
The killer bee is moderately wounded.
* * * LOW HITPOINT WARNING * * *
You feel very sick. The killer bee stings you!
* * * LOW HITPOINT WARNING * * *
The killer bee barely misses you. The killer bee stings you.
You die...

#.#.### ###.# #
..# # #.######
........
######## #..
###### #######
#..
#.@..####.....#
###
#y##........#.#
#..
#y##....#...#.#
#.#
#y##.##.#.#.#.#
#.#
#y##.##.#.#...#
#.#
{y##.##.#.#####
#.#
#y###.##.#.#
#.. .y #.##.#.#
###


.yy #.##.#.# You could see 7 killer bees.

Vanquished Creatures
  Grinder (D:6)
  Eustachio (D:5)
  A steam dragon (D:6)
  2 water moccasins
  Pargi (Sewer)
  A centaur (D:7)
  A phantom (D:5)
  An elf zombie (Ossuary)
  4 bullfrogs
  A gnoll sergeant (D:9)
  A necrophage (D:5)
  2 scorpions (D:5)
  7 killer bees (D:9)
  A jelly (D:5)
  5 centaur zombies (Ossuary)
  2 hounds
  2 gnoll shamans
  An orc wizard (D:4)
  2 mummies (Ossuary)
  2 gnolls
  6 adders
  2 shadow imps
  4 ufetubi
  An adder zombie (Ossuary)
  2 dart slugs
  8 orcs
  11 ball pythons
  7 endoplasms
  5 giant cockroaches
  3 goblins
  4 hobgoblins
  7 jackals
  5 kobolds
  5 quokkas
  12 bats
  5 frilled lizards
  11 hobgoblin zombies (Ossuary)
  12 kobold zombies (Ossuary)
  5 orc zombies (Ossuary)
  5 rats
  A rat zombie (Ossuary)
160 creatures vanquished.

Vanquished Creatures (collateral kills)
  Joseph (D:7)
  A hornet (D:8)
  A shadow (D:6)
  A wraith (D:9)
  Menkaure (D:7)
  A water moccasin (D:7)
  An orc warrior (D:9)
  2 sky beasts
  2 centaurs
  3 bullfrogs
  A scorpion (D:6)
  5 killer bees
  3 jellies
  An iguana (D:6)
  An orc wizard (D:8)
  12 gnolls
  A shadow imp (D:7)
  A white imp (D:6)
  3 orcs
42 creatures vanquished.

Vanquished Creatures (others)
  An orc sorcerer (D:9)
  A queen bee (D:9)
  A killer bee (D:9)
  2 orc wizards
  3 orcs (D:9)
  A rat (D:2)
9 creatures vanquished.

Grand Total: 211 creatures vanquished

Notes
Turn   | Place    | Note
-------+----------+-------------------------------------------
     0 | D:1      | NinjaNoafa the Hill Orc Monk began the quest for the Orb.
     0 | D:1      | Reached XP level 1. HP: 19/19 MP: 1/1
   378 | D:1      | Reached XP level 2. HP: 11/27 MP: 2/2
   771 | D:1      | Found a faded altar of an unknown god.
  1084 | D:1      | Reached XP level 3. HP: 33/33 MP: 3/3
  1260 | D:2      | Reached skill level 4 in Fighting
  1367 | D:2      | Reached skill level 1 in Armour
  1367 | D:2      | Reached XP level 4. HP: 27/40 MP: 4/4
  1539 | D:2      | Found Omephez's Antique Armour Boutique.
  1540 | D:2      | Became a worshipper of Beogh the Brigand
  1540 | D:2      | Reached * piety under Beogh
  1540 | D:2      | Reached ** piety under Beogh
  2755 | D:3      | Found a white marble altar of Elyvilon.
  2762 | D:3      | Reached skill level 5 in Axes
  3312 | D:4      | Reached skill level 1 in Invocations
  3312 | D:4      | Reached XP level 5. HP: 42/47 MP: 4/6
  3479 | D:4      | Found a staircase to the Ecumenical Temple.
  3494 | Temple   | Entered the Ecumenical Temple
  4115 | D:4      | Noticed a water moccasin
  4132 | D:4      | Killed a water moccasin
  4133 | D:4      | Reached skill level 5 in Fighting
  4133 | D:4      | Reached XP level 6. HP: 49/56 MP: 2/8
  4396 | D:4      | You fall into a shaft and drop 1 floor!
  4396 | D:5      | Entered Level 5 of the Dungeon
  4790 | D:5      | Noticed Eustachio
  4808 | D:5      | Found a glowing drain.
  4813 | Sewer    | Entered a sewer
  4857 | Sewer    | Noticed Pargi
  4874 | Sewer    | Killed Pargi
  4875 | Sewer    | Reached XP level 7. HP: 59/62 MP: 3/9
  4899 | Sewer    | Identified the +0 ring mail "Ladaidgh" {Str+2 Dex+3 Stlth+}
  5089 | D:5      | Reached *** piety under Beogh
  5206 | D:5      | Found Bounugi's Armour Boutique.
  5214 | D:5      | Bought a +0 kite shield for 45 gold pieces
  5251 | D:5      | Reached skill level 1 in Shields
  5446 | D:5      | Killed Eustachio
  5447 | D:5      | Reached XP level 8. HP: 57/70 MP: 3/11
  5461 | D:5      | Reached skill level 5 in Invocations
  6418 | D:6      | Found Caudotwi's Magic Scroll Shop.
  6422 | D:6      | Bought a scroll of fear for 42 gold pieces
  6422 | D:6      | Bought a scroll of identify for 24 gold pieces
  6519 | D:6      | Gained mutation: Your movements are slightly less
                  | encumbered by armour. (ER -2) [potion of mutation]
  6519 | D:6      | Gained mutation: Armour fits poorly on your strangely
                  | shaped body. [potion of mutation]
  6641 | D:6      | Noticed Grinder
  6653 | D:6      | Paralysed by Grinder for 5 turns
  6661 | D:6      | Paralysed by Grinder for 5 turns
  6674 | D:6      | Killed Grinder
  6675 | D:6      | Reached skill level 5 in Armour
  6812 | D:6      | Found a sand-covered staircase.
  6819 | Ossuary  | Entered an ossuary
  7089 | Ossuary  | Reached **** piety under Beogh
  7211 | Ossuary  | Reached skill level 5 in Dodging
  7211 | Ossuary  | Reached skill level 5 in Shields
  7328 | D:6      | Reached skill level 6 in Fighting
  7328 | D:6      | Reached skill level 1 in Evocations
  7328 | D:6      | Reached XP level 9. HP: 43/75 MP: 4/12
  8162 | D:7      | Lost mutation: Your movements are slightly less encumbered
                  | by armour. (ER -2) [potion of mutation]
  8162 | D:7      | Lost mutation: Armour fits poorly on your strangely shaped
                  | body. [potion of mutation]
  8162 | D:7      | Gained mutation: You are frail. (-10% HP) [potion of
                  | mutation]
  8187 | D:7      | Gained Oruk as an ally
  8309 | D:7      | Noticed Joseph
  8327 | D:7      | Killed Joseph
  8328 | D:7      | Reached skill level 7 in Fighting
  8486 | D:7      | Noticed Menkaure
  8495 | D:7      | Killed Menkaure
  8856 | D:7      | Reached skill level 8 in Fighting
  9194 | D:7      | Found a shadowy altar of Dithmenos.
  9452 | D:8      | Noticed a hornet
  9462 | D:8      | Killed a hornet
  9607 | D:8      | Reached skill level 5 in Evocations
 10333 | D:6      | Bought a scroll of identify for 24 gold pieces
 10334 | D:6      | Bought a scroll of magic mapping for 42 gold pieces
 10334 | D:6      | Bought a scroll of teleportation for 36 gold pieces
 10570 | D:9      | Reached skill level 9 in Fighting
 10635 | D:9      | Reached XP level 10. HP: 81/81 MP: 4/14
 10715 | D:9      | Your ally Oruk died
 10717 | D:9      | Gained Brunolf as an ally
 10790 | D:9      | Was placed under penance by Beogh
 10827 | D:9      | Brunolf the orc warrior changed into Brunolf the ball
                  | python
 11172 | D:9      | Noticed Psyche
 11189 | D:9      | HP: 1/81 [killer bee (7)]
 11189 | D:9      | Slain by a killer bee

Illustrated notes

Levels and vault maps discovered:
D:1:      co_arrival_random_square_maze, layout_loops_ring,
          ebering_ecumenical_altar_webs
D:2:      layout_loops_ring, serial_shops, shop_fountains
D:3:      layout_basic, old_standard_altar
D:4:      layout_basic, minmay_temple_entry_wispy, palyth_stone_intersect,
          minmay_misc_feat_ornament, corner_web_ring
D:5:      layout_loops_ring, serial_shops, shop, portal_sewer_entry_e,
          uniq_eustachio
D:6:      layout_basic, serial_shops, shop, enter_ossuary_1,
          chequers_serial_rivers_small_3, uniq_grinder
D:7:      layout_loops_cross, lemuel_doored_altar, uniq_joseph, uniq_menkaure
D:8:      layout_basic
D:9:      wad_guarded_room, layout_basic, special_room [special_room_bee],
          uniq_pikel, uniq_psyche
Temple:   mainiacjoe_temple_big_plus

Skill      XL: |  1  2  3  4  5  6  7  8  9 10 |
---------------+-------------------------------+-----
Dodging        | 3 5 |  5.0
Stealth        | 2 |  2.0
Fighting       | 4 5 6 9 |  9.0
Armour         | 1 2 3 4 5 |  5.0
Axes           | 5 6 7 |  7.0
Invocations    | 1 2 3 4 5 7 |  7.0
Shields        | 1 5 |  5.0
Evocations     | 1 5 6 |  6.3

Action                   |  1- 3 |  4- 6 |  7- 9 | 10-12 || total
-------------------------+-------+-------+-------+-------++-------
Melee: Hand axe          |   127 |   245 |   377 |    62 ||   811
       Punch             |     1 |     2 |       |       ||     3
Invok: Convert to Beogh  |       |     1 |       |       ||     1
       Recall Orcish Fol |       |       |     1 |     1 ||     2
       Smiting           |       |       |     1 |       ||     1
Evoke: Wand              |       |       |     1 |    22 ||    23
  Use: Potion            |       |     8 |     8 |     7 ||    23
       Scroll            |       |     9 |     3 |     1 ||    13
 Stab: Sleeping          |     2 |     4 |    11 |     1 ||    18
       Confused          |       |       |     1 |       ||     1
Armor: Robe              |    10 |       |       |       ||    10
       Ring mail         |    39 |   148 |   153 |    26 ||   366
Dodge: Dodged            |   110 |   177 |   173 |    57 ||   517
Block: Kite shield       |       |       |   147 |    62 ||   209

Table legend: (Time is in decaauts)
 A = Elapsed time spent in this place.
 B = Non-inter-level travel time spent in this place.
 C = Inter-level travel time spent in this place.
 D = Time resting spent in this place.
 E = Time spent auto-exploring this place.
 F = Levels seen in this place.
 G = Mean time per level.
                   A        B        C        D        E       F      G
               +--------+--------+--------+--------+--------+-----+--------+
         Total |  11321 |  10584 |    737 |      0 |   8605 |  12 |  943.4 |
       Dungeon |  10183 |   9472 |    711 |      0 |   7843 |   9 | 1131.4 |
        Temple |    486 |    460 |     26 |      0 |    454 |   1 |  486.0 |
         Sewer |    129 |    129 |      0 |      0 |     45 |   1 |  129.0 |
       Ossuary |    521 |    521 |      0 |      0 |    263 |   1 |  521.0 |
               +--------+--------+--------+--------+--------+-----+--------+

Top non-repeatable levels by time:
     D:5: 1537 daAuts
     D:6: 1315 daAuts
     D:2: 1303 daAuts
     D:1: 1246 daAuts
     D:7: 1201 daAuts
     D:8: 998 daAuts
     D:4: 969 daAuts
     D:3: 954 daAuts
     D:9: 656 daAuts
 Ossuary: 521 daAuts
  Temple: 486 daAuts
   Sewer: 129 daAuts
